 Dungeon Crawl Stone Soup version 0.29-a0-575-g0dc89cf053 (webtiles) character file.

Game seed: 800250855391011131

3810 Aapotti the Cleaver (level 10, 0/92 HPs)
             Began as a Hill Orc Fighter on June 13, 2022.
             Was a Follower of the Shining One.
             Slain by a death yak (14 damage)
             ... on level 8 of the Dungeon.
             The game lasted 00:26:07 (9664 turns).

Aapotti the Cleaver (Hill Orc Fighter)              Turns: 9664, Time: 00:26:07

Health: 0/92       AC: 10    Str: 24    XL:     10   Next: 17%
Magic:  13/13      EV: 14    Int:  8    God:    the Shining One [*.....]
Gold:   440        SH:  5    Dex: 10    Spells: 12/13 levels left

rFire   . . .      SeeInvis +   O - +4 war axe
rCold   . . .      Faith    .   c - +0 buckler
rNeg    . . .      Spirit   .   x - +2 ring mail of Tionosae {rElec}
rPois   .          Reflect  .   (no helmet)
rElec   +          Harm     .   (no cloak)
rCorr   .          Rampage  .   o - +0 pair of gloves
Will    .....                   (no boots)
Stlth   ..........              e - amulet of the acrobat
HPRegen 0.25/turn               u - ring of see invisible
MPRegen 0.13/turn               t - +4 ring of evasion

@: glowing
A: no striking features
a: Renounce Religion, Divine Shield


You were on level 8 of the Dungeon.
You worshipped the Shining One.
The Shining One was aware of your devotion.
You visited 2 branches of the dungeon, and saw 9 of its levels.

You collected 440 gold pieces.

Inventory:

Hand Weapons
 a - a +5 mace of freezing
 F - a +4 whip of electrocution
 J - a +2 flail of venom
 O - a +4 war axe (weapon)
Missiles
 n - 14 poisoned darts (quivered)
Armour
 c - a +0 buckler (worn)
 o - a +0 pair of gloves (worn)
 x - the +2 ring mail of Tionosae (worn) {rElec}
   (You found it on level 3 of the Dungeon)

   rElec:     It insulates you from electricity.
 I - a +3 chain mail of cold resistance
Jewellery
 e - an amulet of the acrobat (around neck)
 g - a ring of ice
 h - a ring of wizardry
 t - a +4 ring of evasion (right hand)
 u - a ring of see invisible (left hand)
 y - a +6 ring of strength
 M - a ring of willpower
Wands
 G - a wand of iceblast (9)
 H - a wand of acid (9)
 P - a wand of paralysis (8)
Scrolls
 b - 2 scrolls of amnesia {unknown}
 d - 2 scrolls of poison {unknown}
 f - a scroll of blinking {unknown}
 i - 3 scrolls of fog {unknown}
 l - 6 scrolls of teleportation {unknown}
 m - 3 scrolls of silence {unknown}
 p - 2 scrolls of enchant weapon
 q - a scroll of vulnerability {unknown}
 r - a scroll of magic mapping {unknown}
 s - 3 scrolls of noise {unknown}
 w - 9 scrolls of identify {unknown}
 D - a scroll of summoning {unknown}
 N - a scroll of fear {unknown}
Potions
 j - 2 potions of attraction {unknown}
 k - a potion of invisibility
 v - 2 potions of curing {unknown}
 z - a potion of berserk rage {unknown}
 B - 4 potions of degeneration {unknown}
 C - a potion of lignification {unknown}
 E - a potion of haste {unknown}
 K - a potion of ambrosia {unknown}
 L - a potion of flight {unknown}


   Skills:
 + Level 9.6 Fighting
 + Level 10.1 Axes
 + Level 8.9 Armour
 - Level 6.0 Shields
 - Level 2.0 Spellcasting
 - Level 3.0 Fire Magic


You had 12 spell levels left.
You knew the following spells:

 Your Spells              Type           Power      Damage    Failure   Level
a - Foxfire               Conj/Fire      12%        2x1d4     34%         1

Your spell library contained the following spells:

 Spells                   Type           Power      Damage    Failure   Level
 Conjure Flame            Conj/Fire      3%         6-21      71%         3
 Inner Flame              Hex/Fire       3%         N/A       71%         3
 Ignite Poison            Fire/Tmut/Pois 2%         N/A       78%         3
 Flame Wave               Conj/Fire      3%         2d4       98%         4
 Sticky Flame             Conj/Fire      3%         2d3       98%         4
 Cause Fear               Hex            0%         N/A       100%        4
 Discord                  Hex            0%         N/A       100%        8


Dungeon Overview and Level Annotations

Branches:
Dungeon (8/15)             Temple (1/1) D:4
   Lair: D:8-11

Altars:
Ashenzari
Cheibriados
Dithmenos
Elyvilon
Fedhas
Gozag
Hepliaklqana
Kikubaaqudgha
Makhleb
Nemelex Xobeh
Okawaru
Qazlal
Ru
Sif Muna
Trog
Uskayaw
Vehumet
Wu Jian
Xom
Zin
The Shining One

Shops:
D:2 [=[!

Annotations:
D:7 1 runed translucent door, Crazy Yiuf


Message History

A river rat comes into view.
You hit the death yak.
The death yak is lightly wounded.
The death yak barely misses you.
You hit the death yak.
The death yak is lightly wounded.
The death yak closely misses you.
You slash the death yak!
The death yak is moderately wounded.
The quokka twitches its whiskers.
The death yak gores you.
You hit the death yak.
The death yak is moderately wounded.
The death yak gores you!!
You hit the death yak but do no damage.
The death yak is moderately wounded.
The death yak misses you.
You hit the death yak but do no damage.
The death yak is moderately wounded.
The death yak gores you!!
You slash the death yak!
The death yak is heavily wounded.
The death yak gores you but does no damage.
Things that are here:
a +0 spear; a +0 robe The death yak attacks as you move away!
The death yak gores you!
* * * LOW HITPOINT WARNING * * *
Things that are here:
a +0 mace; a +0 robe The death yak attacks as you move away!
The death yak gores you!
* * * LOW HITPOINT WARNING * * *
Okay, then.
You feel much better. You block the death yak's attack.
Okay, then.
You hit the death yak.
The death yak is moderately wounded.
The death yak gores you!!
* * * LOW HITPOINT WARNING * * *
The death yak attacks as you move away! The death yak gores you!
You die...

......##########.#.#
..#...... ...##.# #
..#.#..... ....#.#
......#... ...#.#
......#.## #.....
......# # #..#.#
......# #..# . .
......#
#..##########r... .
#####.#
#...@Y)Y)zYD.r.). .
#.# #..#.#######rK...
##.#######..#.####
r..
####.................
.
...........##..#.....
####...###.##..##.###
#...# #.##.......
#...# #.##+#######
#...# ###


You could see 3 death yaks, a steam dragon and a wight.

Vanquished Creatures
  Pikel (D:8)
  Sigmund (D:6)
  A steam dragon (D:4)
  Edmund (D:4)
  A black bear (D:4)
  3 ogres
  2 centaurs
  3 lemures (D:8)
  Blork the orc (D:4)
  7 scorpions
  2 necrophages
  16 wights
  6 killer bees
  3 howler monkeys
  A lava snake (D:7)
  4 hounds
  2 jellies (D:8)
  2 orc priests
  An iguana (D:5)
  3 orc wizards
  6 gnolls
  8 adders
  A white imp (D:7)
  22 orcs
  5 endoplasms
  7 giant cockroaches
  5 goblins
  4 hobgoblins
  2 jackals (D:1)
  3 quokkas
  8 ball pythons
  9 bats
  4 frilled lizards
  8 kobolds
  6 rats
159 creatures vanquished.

Vanquished Creatures (others)
  An adder (D:6)
1 creature vanquished.

Grand Total: 160 creatures vanquished

Notes
Turn   | Place    | Note
-------+----------+-------------------------------------------
     0 | D:1      | Aapotti the Hill Orc Fighter began the quest for the Orb.
     0 | D:1      | Reached XP level 1. HP: 19/19 MP: 1/1
   178 | D:1      | Reached skill level 3 in Axes
   178 | D:1      | Reached XP level 2. HP: 27/27 MP: 2/2
  1057 | D:2      | Reached XP level 3. HP: 33/33 MP: 3/3
  1067 | D:2      | Found Xohis's Armour Boutique.
  1167 | D:2      | Found Ycviom's Distillery.
  1655 | D:2      | Reached XP level 4. HP: 9/40 MP: 4/4
  2147 | D:2      | Found Zupal's Armour Shop.
  2355 | D:2      | Reached skill level 4 in Axes
  2381 | D:2      | Found Bueqism's Jewellery Emporium.
  2812 | D:2      | Reached XP level 5. HP: 47/47 MP: 5/5
  3157 | D:3      | Identified the +2 ring mail of Tionosae {rElec}
  3331 | D:3      | You fall into a shaft and drop 3 floors!
  3409 | D:5      | Entered Level 5 of the Dungeon
  3425 | D:5      | Reached skill level 5 in Fighting
  3425 | D:5      | Reached XP level 6. HP: 46/56 MP: 6/6
  3685 | D:5      | Reached skill level 5 in Axes
  3788 | D:5      | Reached skill level 5 in Armour
  3990 | D:5      | Reached skill level 5 in Shields
  3990 | D:5      | Reached XP level 7. HP: 60/61 MP: 7/7
  4352 | D:5      | Reached skill level 6 in Axes
  4461 | D:5      | Found a glowing silver altar of Zin.
  4815 | D:6      | Reached XP level 8. HP: 42/71 MP: 8/8
  4827 | D:6      | HP: 3/71 [poisoned by a killer bee]
  4828 | D:6      | HP: 1/71 [poisoned by a killer bee]
  5100 | D:6      | Noticed Sigmund
  5274 | D:4      | Reached skill level 7 in Axes
  5986 | D:4      | Reached skill level 8 in Axes
  6088 | D:4      | Noticed Edmund
  6103 | D:4      | Killed Edmund
  6104 | D:4      | Reached XP level 9. HP: 66/81 MP: 9/9
  6126 | D:4      | Learned a level 1 spell: Foxfire
  6369 | D:4      | Found a staircase to the Ecumenical Temple.
  6378 | Temple   | Entered the Ecumenical Temple
  6711 | Temple   | Became a worshipper of the Shining One
  6788 | D:4      | Noticed Blork the orc
  6797 | D:4      | Killed Blork the orc
  6798 | D:4      | Reached skill level 1 in Fire Magic
  7093 | D:3      | Found a radiant altar of Vehumet.
  7366 | D:6      | Reached skill level 1 in Spellcasting
  7601 | D:6      | Killed Sigmund
  8358 | D:7      | Reached skill level 9 in Axes
  8984 | D:7      | Found a runed translucent door.
  8985 | D:7      | Noticed Crazy Yiuf
  9121 | D:8      | Reached * piety under the Shining One
  9393 | D:8      | Noticed Pikel
  9449 | D:8      | Killed Pikel
  9450 | D:8      | Reached skill level 10 in Axes
  9450 | D:8      | Reached XP level 10. HP: 53/91 MP: 13/13
  9642 | D:8      | Noticed a death yak
  9646 | D:8      | Noticed a death yak
  9647 | D:8      | Noticed a death yak
  9664 | D:8      | Slain by a death yak

Illustrated notes

Levels and vault maps discovered:
D:1:      dpeg_arrival_court, layout_loops_ring,
          wander_ebering_terrifying_dragon_lair
D:2:      kennysheep_six_static_rooms, layout_basic, serial_shops,
          nicolae_shop_crystal, nicolae_shop_statue_plus, nicolae_shop_crystal,
          nicolae_shop_statue_plus
D:3:      layout_rooms, lemuel_tele_altar
D:4:      layout_loops_ring, lemuel_temple_firewalk_a,
          cheibrodos_sewer_entry_drain, uniq_edmund, uniq_blork_the_orc
D:5:      layout_loops_ring, overflow_temple_1_default, grunt_ministairs_14,
          st_stairs_7
D:6:      layout_cave_pods, corexii_item_surrounded_by_moat,
          grunt_decor_arrowhead, uniq_sigmund
D:7:      layout_basic, kennysheep_potato, uniq_crazy_yiuf_cottage
D:8:      layout_basic, dpeg_lair_monsters, serial_park_tiny_1,
          kennysheep_diamond, minmay_crossroads, uniq_pikel
Temple:   mainiacjoe_temple_bowtie_tessellation

Skill      XL: |  1  2  3  4  5  6  7  8  9 |
---------------+----------------------------+-----
Axes           | 3 4 5 6 8 10 | 10.1
Fighting       | 4 5 6 7 9 |  9.6
Armour         | 4 5 7 8 |  8.9
Shields        | 4 5 6 |  6.0
Fire Magic     | 3 |  3.0
Spellcasting   | 2 |  2.0

Action                   |  1- 3 |  4- 6 |  7- 9 | 10-12 || total
-------------------------+-------+-------+-------+-------++-------
Melee: War axe           |   124 |   142 |   263 |    16 ||   545
       Whip              |       |       |    16 |       ||    16
Throw: Dart              |     2 |     4 |    12 |       ||    18
  Use: Scroll            |       |     1 |       |       ||     1
       Potion            |       |       |     4 |     1 ||     5
 Stab: Invisible         |       |       |     4 |       ||     4
Armor: Scale mail        |    58 |    32 |       |       ||    90
       Ring mail         |       |    22 |    63 |     1 ||    86
Dodge: Dodged            |    69 |   100 |   238 |     7 ||   414
Block: Buckler           |    36 |    29 |    70 |     3 ||   138

Table legend: (Time is in decaauts)
 A = Elapsed time spent in this place.
 B = Non-inter-level travel time spent in this place.
 C = Inter-level travel time spent in this place.
 D = Time resting spent in this place.
 E = Time spent auto-exploring this place.
 F = Levels seen in this place.
 G = Mean time per level.
                   A        B        C        D        E       F      G
               +--------+--------+--------+--------+--------+-----+--------+
         Total |   9803 |   9507 |    296 |   1149 |   6156 |   9 | 1089.2 |
       Dungeon |   9460 |   9173 |    287 |   1149 |   6099 |   8 | 1182.5 |
        Temple |    342 |    333 |      9 |      0 |     57 |   1 |  342.0 |
               +--------+--------+--------+--------+--------+-----+--------+

Top non-repeatable levels by time:
     D:2: 1915 daAuts
     D:5: 1403 daAuts
     D:4: 1373 daAuts
     D:7: 1237 daAuts
     D:6: 1184 daAuts
     D:1: 1076 daAuts
     D:3: 705 daAuts
     D:8: 563 daAuts
  Temple: 342 daAuts
